 Dungeon Crawl Stone Soup version 0.30-a0-585-g93115170b9 (webtiles) character file.

Game seed: 1110693750675367566

72 bande the Shield-Bearer (level 4, -2/29 HPs)
             Began as a Gargoyle Fighter on Jan 3, 2023.
             Killed by divine providence
             ... invoked by an orc priest
              (10 damage)
             ... on level 2 of the Dungeon.
             The game lasted 00:02:28 (1289 turns).

bande the Shield-Bearer (Gargoyle Fighter)          Turns: 1289, Time: 00:02:28

Health: -2/29      AC: 10    Str: 19    XL:     4   Next: 26%
Magic:  4/4        EV: 14    Int:  9    God:
Gold:   96         SH:  4    Dex: 11    Spells: 3/3 levels left

rFire   . . .      SeeInvis .    a - +0 war axe
rCold   . . .      Faith    .    c - +0 buckler
rNeg    + . .      Spirit   .    b - +0 scale mail
rPois   ∞          Reflect  .    (no helmet)
rElec   +          Harm     .    (no cloak)
rCorr   +          Rampage  .    (no gloves)
Will    .....                    (no boots) Stlth
                                 (no amulet)
HPRegen 0.24/turn                f - +5 ring of evasion
MPRegen 0.09/turn                j - ring of resist corrosion

@: no status effects
A: sickness immunity, AC +3, negative energy resistance 1, electricity
resistance, torment resistance 1, petrification resistance
a: no special abilities


You were on level 2 of the Dungeon.
You visited 1 branch of the dungeon, and saw 2 of its levels.

You collected 96 gold pieces.

Inventory:

Hand Weapons
 a - a +0 war axe (weapon)
Armour
 b - a +0 scale mail (worn)
 c - a +0 buckler (worn)
Jewellery
 f - a +5 ring of evasion (left hand)
 i - a ring of see invisible
 j - a ring of resist corrosion (right hand)
 o - a +4 ring of protection
Wands
 k - a wand of acid (19)
Scrolls
 e - a scroll of vulnerability {unknown}
 g - a scroll of teleportation {unknown}
 h - a scroll of immolation {unknown}
 l - a scroll of identify {unknown}
Potions
 d - a potion of might
 m - a potion of resistance {unknown}
 n - a potion of flight {unknown}


   Skills:
 + Level 3.7 Fighting
 + Level 2.5 Axes
 + Level 4.0 Armour
 + Level 4.0 Shields
 * Level 0.1 Evocations


You had 3 spell levels left.
You didn't know any spells.
Your spell library was empty.

Dungeon Overview and Level Annotations

Branches:
Dungeon (2/15)

Altars:
Makhleb

Shops:
D:2 (


Innate Abilities, Weirdness & Mutations

You are immune to sickness and miasma.
Your stone body is resilient. (AC +3)
You are immune to poison.
You resist negative energy. (rN+)
You are resistant to electric shocks. (rElec)
You are resistant to unholy torment.
You are immune to petrification.


Message History

You see here a +0 robe.
An orc is nearby!
An orc is nearby!
You enter the shallow water.
Moving in this stuff is going to be slow.
The orc barely misses you.
Your unstable footing causes you to fumble your attack.
The orc misses you.
The orc priest calls down the wrath of Beogh upon you.
You barely resist.
Your unstable footing causes you to fumble your attack.
The orc hits you but does no damage.
The orc priest invokes the aid of Beogh against you.
Beogh smites you!
Ouch! That really hurt!
You are too injured to fight recklessly!
You are too injured to fight recklessly!
You are too injured to fight recklessly!
You are too injured to fight recklessly!
You are too injured to fight recklessly!
You are too injured to fight recklessly!
You are too injured to fight recklessly!
You are too injured to fight recklessly!
You are too injured to fight recklessly!
You are too injured to fight recklessly!
The orc closely misses you. x2
You closely miss the orc. You barely miss the orc.
The orc barely misses you. x2
The orc priest looks satisfied for a moment.
The orc hits you but does no damage. The orc hits you with a +0 hand axe.
* * * LOW HITPOINT WARNING * * *
Unknown command.
You closely miss the orc. You hit the orc. You closely miss the orc.
You block the orc's attack. The orc barely misses you.
Unknown command.
You slash the orc!
You kill the orc!
You hit the orc. You completely miss the orc priest. You slash the orc!
The orc priest calls down the wrath of Beogh upon you.
Beogh smites you!
You die...

## ##.## .###
##..###### ## ...#
#.......... .# ##.#
#...#########.# #.#
#..###........#
#.###..##..~...~..##
#...#..#$..........#
###....#⌠.....o....#
###..#$.....)@...#
######..##..~..oo...#
........###.........#
.........#########..#
....................#
..........#########.#
.......#...#
#..######
..#######..##
#......... ..# #...#
#.########


You could see an orc priest and 2 orcs.

Vanquished Creatures
  An adder (D:2)
  A worm (D:2)
  3 dart slugs
  An orc (D:2)
  5 endoplasms
  2 giant cockroaches (D:1)
  5 hobgoblins
  6 jackals (D:1)
  3 quokkas
  2 ball pythons
  6 bats
  5 frilled lizards
  3 goblins
  3 kobolds
  7 rats
53 creatures vanquished.

Notes
Turn   | Place    | Note
-------+----------+-------------------------------------------
     0 | D:1      | bande the Gargoyle Fighter began the quest for the Orb.
     0 | D:1      | Reached XP level 1. HP: 14/14 MP: 1/1
    38 | D:1      | Reached XP level 2. HP: 12/19 MP: 2/2
   247 | D:1      | Reached XP level 3. HP: 23/23 MP: 3/3
   815 | D:2      | Found a burning altar of Makhleb.
   906 | D:2      | Reached XP level 4. HP: 29/29 MP: 4/4
   995 | D:2      | Found Yffe's Weapon Shop.
  1289 | D:2      | Killed from afar by an orc priest

Illustrated notes

Levels and vault maps discovered:
D:1:      shiori_shiawase, layout_loops_ring, st_stairs_5, minivault_19,
          minmay_misc_feat_pillars
D:2:      cheibrodos_pilgrimage, layout_basic, basic_altar, serial_shops,
          nicolae_shop_bloodbath_and_beyond, kennysheep_generic_room_11

Skill      XL: |  1  2  3  4 |
---------------+-------------+-----
Axes           | 2 |  2.5
Shields        | 4 |  4.0
Armour         | 4 |  4.0
Fighting       | |  3.7
Evocations     | |  0.1

Action                   |  1- 3 |  4- 6 || total
-------------------------+-------+-------++-------
Melee: War axe           |   115 |    32 ||   147
Armor: Scale mail        |    72 |     8 ||    80
Dodge: Dodged            |    61 |    21 ||    82
Block: Buckler           |    27 |     4 ||    31

Table legend: (Time is in decaauts)
 A = Elapsed time spent in this place.
 B = Non-inter-level travel time spent in this place.
 C = Inter-level travel time spent in this place.
 D = Time resting spent in this place.
 E = Time spent auto-exploring this place.
 F = Levels seen in this place.
 G = Mean time per level.
                   A        B        C        D        E       F      G
               +--------+--------+--------+--------+--------+-----+--------+
         Total |   1352 |   1336 |     16 |      0 |    969 |   2 |  676.0 |
       Dungeon |   1352 |   1336 |     16 |      0 |    969 |   2 |  676.0 |
               +--------+--------+--------+--------+--------+-----+--------+

Top non-repeatable levels by time:
     D:1: 826 daAuts
     D:2: 525 daAuts
